 Dungeon Crawl Stone Soup version 0.32-a0-886-g41c5271027 (webtiles) character file.

Game seed: 7052292737389527227

492 Iich the Chopper (level 6, 0/50 HPs)
             Began as a Demonspawn Fighter on Apr 2, 2024.
             Slain by an orc wizard
             ... wielding a +0 dagger
              (3 damage)
             ... on level 4 of the Dungeon.
             The game lasted 00:09:18 (3219 turns).

Iich the Chopper (Demonspawn Fighter)               Turns: 3219, Time: 00:09:19

Health: 0/50       AC: 12    Str: 19    XL:     6   Next: 91%
Magic:  6/6        EV:  9    Int:  8    God:
Gold:   173        SH:  4    Dex: 12    Spells: 5/5 levels left

rFire   . . .        a - +0 war axe
rCold   . . .        c - +0 buckler
rNeg    . . .        b - +0 scale mail
rPois   +            (no helmet)
rElec   .            (no cloak)
rCorr   .            (no gloves)
SInv    .            r - +0 pair of boots
Will    .....        (no amulet) Stlth
                     k - +4 ring of protection
HPRegen 1.28/turn    P - ring of poison resistance
MPRegen 0.10/turn

%: no passive effects
@: no status effects
A: rugged brown scales 1, powered by death 1
a: Convert to Beogh


You were on level 4 of the Dungeon.
You visited 2 branches of the dungeon, and saw 6 of its levels.

You collected 173 gold pieces.

Inventory:

Hand Weapons
 a - a +0 war axe (weapon)
Armour
 b - a +0 scale mail (worn)
 c - a +0 buckler (worn)
 r - a +0 pair of boots (worn)
Jewellery
 k - a +4 ring of protection (left hand)
 p - a ring of fire
 P - a ring of poison resistance (right hand)
Wands
 o - a wand of flame (10)
Scrolls
 e - a scroll of immolation
 f - a scroll of enchant weapon {unknown}
 g - a scroll of fear
 h - a scroll of silence
 i - a scroll of identify
 j - a scroll of poison {unknown}
 m - a scroll of fog
 n - a scroll of revelation
Potions
 d - a potion of might
 l - a potion of enlightenment
 q - 3 potions of curing


   Skills:
 + Level 4.6 Fighting
 * Level 5.0 Axes
 - Level 2.6 Armour
 + Level 3.0 Dodging
 - Level 2.6 Shields


You had 5 spell levels left.
You didn't know any spells.
Your spell library contained the following spells:

 Spells                   Type           Power      Damage    Failure   Level
 Sting                    Conj/Alch      0%         1d3       86%         1
 Blink                    Tloc           0%         N/A       94%         2
 Lesser Beckoning         Tloc           0%         N/A       94%         2
 Mercury Vapours          Alch/Air       0%         N/A       94%         2
 Momentum Strike          Conj/Tloc      0%         3d8       94%         2
 Maxwell's Portable Pile  Tloc           0%         2d(5-13)  99%         3
 Teleport Other           Tloc           0%         N/A       99%         3
 Olgreb's Toxic Radiance  Alch           0%         N/A       100%        4


Dungeon Overview and Level Annotations

Branches:
Dungeon (5/15)             Temple (1/1) D:4

Altars:
Ashenzari
Fedhas
Hepliaklqana
Kikubaaqudgha
Okawaru
Qazlal
Ru
Sif Muna
Trog
Uskayaw
Vehumet
Wu Jian
Xom
Yredelemnul


Innate Abilities, Weirdness & Mutations

You are partially covered in rugged brown scales. (AC +1, +3% HP)
You regenerate a little health from kills.


Message History

Unknown command.
You are too injured to fight recklessly!
Unknown command.
You are too injured to fight recklessly!
Unknown command.
You are too injured to fight recklessly!
Unknown command.
You are too injured to fight recklessly!
Unknown command.
You are too injured to fight recklessly!
Something hits you but does no damage. The gnoll hits you but does no damage.
The gnoll hits you with a +0 flail.
* * * LOW HITPOINT WARNING * * *
The gnoll sergeant hits you from afar with a +0 trident!
* * * LOW HITPOINT WARNING * * *
You block something's attack. You block the orc priest's attack.
You climb upwards.
Reactivating autopickup.
There is a stone staircase leading down here.
You take 11 damage, and have 23/50 hp. !!!!--MASSIVE DAMAGE--!!!!
You are too injured to fight recklessly!
Unknown command.
You are too injured to fight recklessly!
You barely miss the orc priest.
The orc priest is heavily wounded.
You slash the gnoll!
You kill the gnoll!
You closely miss something. You hit something.
You hear some strange, mumbled words.
A puff of flame appears from out of thin air!
Deactivating autopickup; reactivate with Ctrl-A.
The puff of flame hits you!
* * * LOW HITPOINT WARNING * * *
Something hits you.
* * * LOW HITPOINT WARNING * * *
The orc priest calls down the wrath of Beogh upon you.
Pain shoots through your body!
* * * LOW HITPOINT WARNING * * *
Something hits you.
You die...

#####################
#...................# ###
#.#################.###### #_#
#.# #######.........# ##.## #.#
##)..........).... #...# #.#
#@{....#.##.##...# ##...###.##
#o{###..).......<# #.....##..#
#..# ###....##.... #.....###.#
#..#####.#####.... ...ß....###
####.........# #....
...#......###..>..#####..####....
†ß###ß....._####...........).....
...#......###.....####...######.#
†).ß....###.###...# #...# #.#


You could see an orc priest.

Vanquished Creatures
  2 black bears (D:4)
  A phantom (D:4)
  An orc priest (D:3)
  A bombardier beetle (D:4)
  A hound (D:4)
  Ijyb (D:3)
  4 gnolls
  A dart slug (D:1)
  2 ribbon worms
  10 orcs
  4 endoplasms
  2 giant cockroaches
  12 hobgoblins
  2 jackals (D:4)
  4 quokkas
  8 ball pythons
  4 bats
  3 frilled lizards
  8 goblins
  10 kobolds
  4 rats
85 creatures vanquished.

Notes
Turn   | Place    | Note
-------+----------+-------------------------------------------
     0 | D:1      | Iich the Demonspawn Fighter began the quest for the Orb.
     0 | D:1      | Reached XP level 1. HP: 18/18 MP: 1/1
    76 | D:1      | Reached skill level 2 in Axes
   198 | D:1      | Gained mutation: You regenerate a little health from kills.
                  | [demonic ancestry]
   198 | D:1      | Reached XP level 2. HP: 24/24 MP: 2/2
   687 | D:2      | Reached skill level 1 in Dodging
   700 | D:2      | Gained mutation: You are partially covered in rugged brown
                  | scales. (AC +1, +3% HP) [demonic ancestry]
   700 | D:2      | Reached XP level 3. HP: 20/29 MP: 3/3
  1281 | D:3      | Reached skill level 3 in Axes
  1412 | D:3      | Reached XP level 4. HP: 26/37 MP: 4/4
  1516 | D:3      | Noticed Ijyb
  1526 | D:3      | Killed Ijyb
  1710 | D:4      | Noticed a phantom
  1724 | D:4      | Killed a phantom
  1725 | D:4      | Reached skill level 4 in Axes
  1725 | D:4      | Reached XP level 5. HP: 43/43 MP: 5/5
  1758 | D:4      | Found an iron altar of Okawaru.
  1961 | D:4      | Found a staircase to the Ecumenical Temple.
  1976 | Temple   | Entered the Ecumenical Temple
  2154 | D:4      | Reached XP level 6. HP: 49/49 MP: 6/6
  2530 | D:4      | Found a radiant altar of Vehumet.
  2605 | D:4      | Found an ancient bone altar of Kikubaaqudgha.
  2611 | D:4      | Found a broken altar of Ashenzari.
  2648 | D:4      | Reached skill level 5 in Axes
  2827 | D:5      | Entered Level 5 of the Dungeon
  3219 | D:4      | Slain by an orc wizard

Illustrated notes

Levels and vault maps discovered:
D:1:      noname_arrival_rooms_in_the_neighbourhood, layout_basic
D:2:      layout_basic, basic_altar
D:3:      layout_basic, chequers_serial_rivers_micro_b, uniq_ijyb
D:4:      layout_loops_ring, okawaru_altar_gauntlet_db,
          minmay_overflow_temple_star_quad, minmay_temple_entry_statues_pillars,
          nicolae_twisty_statue_hallways
D:5:      layout_cave_pools, zin_purify, uniq_menkaure
Temple:   nicolae_temple_bog_church

Skill      XL: |  1  2  3  4  5  6 |
---------------+-------------------+-----
Axes           | 2 3 4 5 |  5.0
Dodging        | 1 2 3 |  3.0
Fighting       | 4 |  4.6
Armour         | |  2.6
Shields        | |  2.6

Action                     |  1- 3 |  4- 6 || total
---------------------------+-------+-------++-------
  Melee: War axe           |   124 |   133 ||   257
  Evoke: Wand              |       |     3 ||     3
    Use: Scroll            |     3 |     4 ||     7
 Armour: Scale mail        |   123 |   167 ||   290
  Dodge: Dodged            |    53 |   101 ||   154
  Block: Buckler           |    29 |    48 ||    77

Table legend: (Time is in decaauts)
 A = Elapsed time spent in this place.
 B = Non-inter-level travel time spent in this place.
 C = Inter-level travel time spent in this place.
 D = Time resting spent in this place.
 E = Time spent auto-exploring this place.
 F = Levels seen in this place.
 G = Mean time per level.
                   A        B        C        D        E       F      G
               +--------+--------+--------+--------+--------+-----+--------+
         Total |   3329 |   3232 |     97 |    385 |   2034 |   6 |  554.8 |
       Dungeon |   3175 |   3078 |     97 |    385 |   2034 |   5 |  635.0 |
        Temple |    154 |    154 |      0 |      0 |      0 |   1 |  154.0 |
               +--------+--------+--------+--------+--------+-----+--------+

Top non-repeatable levels by time:
     D:4: 1387 daAuts
     D:2: 710 daAuts
     D:3: 583 daAuts
     D:1: 448 daAuts
  Temple: 154 daAuts
     D:5: 45 daAuts
